 Dungeon Crawl Stone Soup version 0.31-a0-981-geadf994542 (webtiles) character file.

Game seed: 13104656641905093759

81517 gruber the Markstengu (level 15, -1/84 HPs)
             Began as a Tengu Air Elementalist on Nov 1, 2023.
             Was a High Priest of Vehumet.
             Killed from afar by an ice dragon (37 damage)
             ... with a blast of cold
             ... on level 11 of the Dungeon.
             The game lasted 00:36:23 (22083 turns).

gruber the Markstengu (Tengu Air Elementalist)     Turns: 22083, Time: 00:36:23

Health: -1/84      AC: 18    Str: 10    XL:     15   Next: 70%
Magic:  19/30      EV: 19    Int: 22    God:    Vehumet [*****.]
Gold:   1839       SH:  0    Dex: 19    Spells: 14/35 levels left

rFire   . . .        r - +7 orcbow of Intuition {freeze, Drain rN+++ Str+2 Dex-3}
rCold   . . .        (shield currently unavailable)
rNeg    + + +        I - +0 acid dragon scales
rPois   .            (helmet restricted)
rElec   .            H - +0 cloak
rCorr   +            o - +2 pair of gloves
SInv    .            (boots unavailable)
Will    +....        N - amulet of regeneration
Stlth   ++           E - +4 ring of protection
HPRegen 1.14/turn    D - +6 ring of dexterity
MPRegen 0.22/turn

%: acrobat
@: flying
A: beak, talons 3, evasive flight, acrobatic
a: Renounce Religion


You were on level 11 of the Dungeon.
You worshipped Vehumet.
Vehumet was extremely pleased with you.
You visited 4 branches of the dungeon, and saw 22 of its levels.

You collected 2009 gold pieces.
You spent 170 gold pieces at shops.

Inventory:

Hand Weapons
 r - the +7 orcbow of Intuition (weapon) {freeze, Drain rN+++ Str+2 Dex-3}
   (You bought it in a shop on level 1 of the Dungeon)

   Str+2:     It affects your strength (+2).
   Dex-3:     It affects your dexterity (-3).
   rN+++:     It renders you almost immune to negative energy.
   Drain:     It drains your maximum health when unequipped.
Missiles
 c - 35 poisoned darts
 z - 5 throwing nets
Armour
 o - a +2 pair of gloves (worn)
 H - a +0 cloak (worn)
 I - +0 acid dragon scales (worn)
Jewellery
 i - a ring of protection from fire
 D - a +6 ring of dexterity (right hand)
 E - a +4 ring of protection (left hand)
 N - an amulet of regeneration (around neck)
 O - a ring of protection from fire
 R - a ring of ice
 S - a ring of wizardry
Wands
 a - a wand of roots (5)
 q - a wand of flame (16)
 K - a wand of polymorph (2)
 P - a wand of paralysis (2)
Scrolls
 g - 2 scrolls of poison {unknown}
 l - 2 scrolls of enchant armour {unknown}
 n - 18 scrolls of identify {unknown}
 p - a scroll of brand weapon {unknown}
 t - 8 scrolls of immolation {unknown}
 u - 5 scrolls of blinking {unknown}
 w - 6 scrolls of teleportation {unknown}
 x - 5 scrolls of fog {unknown}
 y - 3 scrolls of enchant weapon {unknown}
 A - 3 scrolls of fear {unknown}
 F - 3 scrolls of revelation {unknown}
 G - a scroll of silence {unknown}
 J - a scroll of amnesia {unknown}
 L - 2 scrolls of noise {unknown}
 Q - a scroll of torment {unknown}
Potions
 d - 4 potions of mutation {unknown}
 e - 3 potions of haste {unknown}
 f - 5 potions of degeneration {unknown}
 h - 2 potions of berserk rage {unknown}
 j - 5 potions of heal wounds
 k - 3 potions of attraction {unknown}
 m - 2 potions of lignification {unknown}
 s - 3 potions of ambrosia {unknown}
 v - 4 potions of might {unknown}
 B - a potion of enlightenment {unknown}
 C - 7 potions of curing {unknown}
 M - a potion of brilliance {unknown}


   Skills:
 - Level 6.1 Fighting
 - Level 15.0 Ranged Weapons
 - Level 13.6 Armour
 - Level 7.3 Dodging
 - Level 2.0 Stealth
 * Level 10.9 Spellcasting
 - Level 10.0 Conjurations
 - Level 8.1 Fire Magic
 - Level 14.0 Air Magic


You had 14 spell levels left.
You knew the following spells:

 Your Spells              Type           Power      Damage    Failure   Level
a - Shock                 Conj/Air       100%       1d9       1%          1
b - Airstrike             Air            32%        2d(5-21)  1%          4
c - Freezing Cloud        Conj/Ice/Air   23%        6-21      2%          5
d - Arcjolt               Conj/Air       30%        1d40      1%          5
e - Plasma Beam           Fire/Air       28%        2x1d41    3%          6

Your spell library contained the following spells:

 Spells                   Type           Power      Damage    Failure   Level
 Lee's Rapid Deconstruct  Erth           6%         3d6*      45%         5
 Momentum Strike          Conj/Tloc      68%        3d9       1%          2
 Static Discharge         Conj/Air       100%       3-8/arc   1%          2
 Dazzling Flash           Conj/Hex       68%        N/A       1%          3
 Stone Arrow              Conj/Erth      68%        3d11      1%          3
 Swiftness                Air            65%        N/A       1%          3
 Fireball                 Conj/Fire      25%        3d11      1%          5
 Iskenderun's Battlesphe  Conj           54%        2d10      1%          5
 Sandblast                Erth           24%        2d8       2%          1
 Brom's Barrelling Bould  Conj/Erth      34%        2d5       2%          4
 Conjure Ball Lightning   Conj/Air       30%        3x3d10    2%          6
 Vhi's Electric Charge    Tloc/Air       84%        N/A       4%          4
 Frozen Ramparts          Ice            24%        1d4       7%          3
 Irradiate                Conj/Tmut      17%        3d17      8%          5
 Blink                    Tloc           24%        N/A       12%         2
 Lesser Beckoning         Tloc           24%        N/A       12%         2
 Passwall                 Tmut/Erth      10%        N/A       12%         2
 Sublimation of Blood     Necr           12%        N/A       12%         2
 Silence                  Hex/Air        21%        N/A       12%         5
 Orb of Destruction       Conj           27%        9d9       26%         7
 Maxwell's Capacitive Co  Air            32%        ∞         36%         8
 Manifold Assault         Tloc           12%        N/A       61%         4
 Passage of Golubria      Tloc           12%        N/A       61%         4
 Petrify                  Tmut/Erth      12%        N/A       61%         4
 Agony                    Necr           12%        N/A       91%         5
 Metabolic Englaciation   Hex/Ice        6%         N/A       91%         5
 Lehudib's Crystal Spear  Conj/Erth      17%        10d5      100%        8


Dungeon Overview and Level Annotations

Branches:
Dungeon (14/15)            Temple (1/1) D:6            Lair (5/5) D:10
 Shoals (0/4) Lair:2        Snake (0/4) Lair:3        Slime (0/5) Lair:4
    Orc (2/2) D:10            Elf (0/3) Orc:2        Vaults (0/5) D:13

Altars:
Ashenzari
Cheibriados
Dithmenos
Elyvilon
Fedhas
Gozag
Hepliaklqana
Kikubaaqudgha
Makhleb
Nemelex Xobeh
Okawaru
Qazlal
Ru
Sif Muna
Trog
Uskayaw
Vehumet
Wu Jian
Xom
Yredelemnul
Zin
The Shining One
Jiyva

Shops:
D:1 (   D:4 (   D:8 *   Orc:2 :([*

Annotations:
D:7 2 runed translucent doors, exclusion: orange crystal statue
D:11 1 runed translucent door
Lair:1 3 runed translucent doors, decrepitude's ghost, journeyman GnRe; decrepitude's ghost, journeyman GrEE
Lair:5 exclusion: obsidian statue


Innate Abilities, Weirdness & Mutations

You have a beak for a mouth.
You have claws for feet.
Your magical flight helps you evade attacks. (EV +4)
You can magically evade attacks while moving or waiting.


Message History

Casting: Airstrike (safe; 1% risk of failure)
Confirm with . or Enter, or press ? or * to list all spells.
Electricity surges outward!
The fire dragon is struck by an electric surge!!
The fire dragon is almost dead.
The ice dragon is struck by an electric surge.
The ice dragon is lightly wounded.
The fire dragon bites you!
* * * LOW HITPOINT WARNING * * *
The fire dragon claws you.
* * * LOW HITPOINT WARNING * * *
The fire dragon tramples you but does no damage.
Unknown command.
Unknown command.
Unknown command.
Casting: Arcjolt (mildly dangerous; 1% risk of failure)
Confirm with . or Enter, or press ? or * to list all spells.
Electricity surges outward!
The fire dragon is struck by an electric surge!!
You kill the fire dragon!
Vehumet accepts your kill.
You feel your power returning.
The ice dragon is struck by an electric surge!
The ice dragon is lightly wounded.
Unknown command.
Unknown command.
Casting: Arcjolt (mildly dangerous; 1% risk of failure)
Confirm with . or Enter, or press ? or * to list all spells.
Electricity surges outward!
The ice dragon is struck by an electric surge!
The ice dragon is moderately wounded.
The ice dragon misses you. The ice dragon claws you!
* * * LOW HITPOINT WARNING * * *
The ice dragon misses you.
Unknown command.
Unknown command.
You feel much better. The ice dragon breathes frost at you.
The blast of cold hits you!!!
You die...

.. . ...#.. #. ...#.# #.
._.... ####.. ....#
......# .... .......###.#
.......@D..# #########..#
##########..#
.........<.)#########
#...............)...))...
#...............)...).)..
#...........#############
#...........#
#.......[...#


You could see an ice dragon (catching breath).

Vanquished Creatures
  An orc warlord (Orc:2)
  Snorg (D:11)
  A fire dragon (D:11)
  2 vault guards (D:13)
  Harold (D:9)
  3 hydras
  4 centaur warriors
  Erica (D:9)
  A death knight (D:11)
  6 death yaks
  9 two-headed ogres
  4 boulder beetles
  Urug (Lair:5)
  An orc high priest (Orc:2)
  3 spectral death yaks (Lair:5)
  4 skeletal warriors (D:13)
  Nergalle (Lair:2)
  A lindwurm (Lair:5)
  6 orc knights
  A deep elf pyromancer (D:12)
  2 necromancers (Lair:5)
  A salamander (Lair:3)
  2 ugly things (D:13)
  4 orc sorcerers
  A cyclops (D:12)
  2 manticores (D:11)
  15 elephants (Lair:5)
  4 black mambas
  2 gargoyles
  13 cane toads
  A rime drake (Lair:3)
  13 komodo dragons
  A kobold demonologist (D:12)
  Jeremiah (D:8)
  2 polar bears
  A meliai (D:11)
  6 trolls
  8 blink frogs
  8 slime creatures (D:12)
  2 spectral elephants (Lair:5)
  2 shadows
  5 wyverns
  3 wraiths
  57 yaks
  2 vampires
  10 humans
  4 hogs (D:7)
  5 basilisks
  2 steam dragons
  2 death yak simulacra (Lair:5)
  A two-headed ogre zombie (D:10)
  A naga (Lair:3)
  4 wargs
  3 acid dragons
  15 water moccasins
  2 ice beasts
  2 black bears
  25 orc warriors
  A sky beast (D:7)
  2 elephant zombies (Lair:5)
  8 ogres
  17 centaurs
  16 wolves
  2 kobold brigands (D:8)
  5 phantoms
  14 bullfrogs
  5 gnoll sergeants
  8 wights
  4 killer bees (D:7)
  3 electric eels
  10 howler monkeys
  8 hounds
  34 orc priests
  6 jellies
  3 gnoll boudas
  A sleepcap (D:5)
  33 orc wizards
  15 iguanas
  7 ogre zombies (D:10)
  10 adders
  33 gnolls
  A shadow imp (D:6)
  2 white imps
  2 ufetubi (D:5)
  4 dart slugs
  70 orcs
  7 ball pythons
  8 bats
  13 endoplasms
  A giant cockroach (D:1)
  3 gnoll zombies (D:10)
  9 hobgoblins
  A jackal (D:4)
  4 quokkas
  16 frilled lizards
  8 goblins
  6 kobolds
  2 orc skeletons (D:10)
  20 orc zombies (D:10)
  8 rats
716 creatures vanquished.

Vanquished Creatures (others)
  A vault guard (D:13)
1 creature vanquished.

Grand Total: 717 creatures vanquished

Notes
Turn   | Place    | Note
-------+----------+-------------------------------------------
     0 | D:1      | gruber the Tengu Air Elementalist began the quest for the
                  | Orb.
     0 | D:1      | Reached XP level 1. HP: 10/10 MP: 4/4
   216 | D:1      | Reached XP level 2. HP: 15/15 MP: 3/6
   489 | D:1      | Reached skill level 5 in Air Magic
   589 | D:1      | Reached XP level 3. HP: 19/19 MP: 0/7
   755 | D:1      | Found Qahorghem's Antique Weapon Shoppe.
  1286 | D:2      | Reached XP level 4. HP: 15/24 MP: 3/9
  2160 | D:3      | Found a sacrificial altar of Ru.
  3225 | D:1      | Bought a scorched orcbow for 170 gold pieces
  3225 | D:1      | Identified the +7 orcbow of Intuition {freeze, Drain rN+++
                  | Str+2 Dex-3} (You bought it in a shop on level 1 of the
                  | Dungeon)
  3428 | D:4      | Reached XP level 5. HP: 28/28 MP: 10/10
  3518 | D:4      | Found Zozicate's Antique Weapon Boutique.
  3546 | D:4      | Reached skill level 1 in Ranged Weapons
  3562 | D:4      | Reached skill level 2 in Ranged Weapons
  3640 | D:4      | Noticed a phantom
  3645 | D:4      | Found a glowing golden altar of the Shining One.
  3650 | D:4      | Identified the +11 dagger of the Morning {heavy, Will+}
  3662 | D:4      | Killed a phantom
  3663 | D:4      | Reached skill level 3 in Ranged Weapons
  3663 | D:4      | Reached XP level 6. HP: 19/32 MP: 0/11
  3801 | D:4      | Reached skill level 4 in Ranged Weapons
  4425 | D:5      | Entered Level 5 of the Dungeon
  4432 | D:5      | Reached skill level 5 in Ranged Weapons
  4474 | D:5      | Noticed an ice beast
  4482 | D:5      | Killed an ice beast
  4483 | D:5      | Reached skill level 6 in Ranged Weapons
  4483 | D:5      | Gained mutation: Your magical flight helps you evade
                  | attacks. (EV +4) [Tengu growth]
  4483 | D:5      | Reached XP level 7. HP: 24/36 MP: 12/12
  4682 | D:5      | Reached skill level 7 in Ranged Weapons
  5115 | D:5      | Reached skill level 8 in Ranged Weapons
  5115 | D:5      | Reached XP level 8. HP: 41/41 MP: 13/13
  5551 | D:6      | Reached skill level 9 in Ranged Weapons
  5597 | D:6      | Identified the +0 leather armour of Minor Irritation {-Cast
                  | Str+2 SInv}
  5880 | D:6      | You are sucked into a shaft and drop 2 floors!
  5929 | D:6      | Reached skill level 10 in Ranged Weapons
  6062 | D:6      | Found a staircase to the Ecumenical Temple.
  6068 | Temple   | Entered the Ecumenical Temple
  6401 | D:7      | Reached skill level 11 in Ranged Weapons
  6401 | D:7      | Reached XP level 9. HP: 45/45 MP: 14/14
  6430 | D:7      | Found a bloodstained altar of Trog.
  6434 | D:7      | Found a runed translucent door.
  6640 | D:7      | Found a burning altar of Makhleb.
  6651 | D:7      | Found an ornate altar of the Wu Jian Council.
  6823 | D:7      | Found the +10 tower shield of Ignorance {rN+ Int-4}
  6847 | D:7      | Found a runed translucent door.
  6853 | D:7      | Learned a level 4 spell: Airstrike
  6853 | D:7      | Noticed an orange crystal statue
  6912 | D:7      | Reached skill level 12 in Ranged Weapons
  6945 | D:7      | Reached skill level 13 in Ranged Weapons
  7129 | D:7      | Found a shadowy altar of Dithmenos.
  7157 | D:7      | Found a radiant altar of Vehumet.
  7166 | D:7      | Became a worshipper of Vehumet
  7270 | D:8      | Reached XP level 10. HP: 50/50 MP: 15/15
  7334 | D:8      | Reached skill level 14 in Ranged Weapons
  7387 | D:8      | Noticed Jeremiah
  7391 | D:8      | Killed Jeremiah
  7533 | D:8      | Reached * piety under Vehumet
  7533 | D:8      | Offered knowledge of Freeze by Vehumet.
  7591 | D:8      | Found Mecuykka's Merry Market.
  7689 | D:8      | Reached skill level 15 in Ranged Weapons
  7737 | D:8      | Reached skill level 1 in Armour
  7763 | D:8      | Noticed a two-headed ogre
  7800 | D:8      | Killed a two-headed ogre
  7856 | D:8      | Reached skill level 5 in Armour
  8127 | D:8      | Reached ** piety under Vehumet
  8127 | D:8      | Offered knowledge of Scorch by Vehumet.
  8696 | D:9      | Noticed Erica
  8715 | D:9      | Killed Erica
  8716 | D:9      | Reached skill level 5 in Dodging
  8716 | D:9      | Reached XP level 11. HP: 54/54 MP: 16/16
  8809 | D:9      | Noticed Harold
  8823 | D:9      | Killed Harold
  9248 | D:10     | Entered Level 10 of the Dungeon
  9313 | D:10     | Reached skill level 1 in Fighting
  9314 | D:10     | Offered knowledge of Hailstorm by Vehumet.
  9417 | D:10     | Found a staircase to the Lair.
  9630 | D:10     | Reached *** piety under Vehumet
  9649 | D:10     | Reached skill level 5 in Fighting
  9664 | D:10     | Offered knowledge of Sticky Flame by Vehumet.
  9701 | D:10     | Found a staircase to the Orcish Mines.
  9744 | D:10     | Reached **** piety under Vehumet
 10074 | D:11     | Noticed a death knight
 10077 | D:11     | Noticed a four-headed hydra
 10126 | D:11     | Offered knowledge of Freezing Cloud by Vehumet.
 10179 | D:11     | Learned a level 5 spell: Freezing Cloud
 10195 | D:11     | Noticed a manticore
 10212 | D:11     | Noticed a two-headed ogre
 10217 | D:11     | Killed a two-headed ogre
 10236 | D:11     | Noticed a boulder beetle
 10248 | D:11     | Killed a boulder beetle
 10280 | D:11     | Noticed a two-headed ogre
 10282 | D:11     | Noticed a manticore
 10287 | D:11     | Killed a two-headed ogre
 10288 | D:11     | Reached XP level 12. HP: 70/70 MP: 17/17
 10293 | D:11     | Reached skill level 5 in Conjurations
 10352 | D:11     | Found a runed translucent gate.
 10475 | D:11     | Noticed a two-headed ogre
 10479 | D:11     | Killed a two-headed ogre
 10524 | D:11     | Noticed Snorg
 10547 | D:11     | Killed Snorg
 10732 | D:11     | Noticed a boulder beetle
 10760 | D:11     | Killed a boulder beetle
 10975 | D:11     | Noticed a fire dragon
 11015 | Lair:1   | Entered Level 1 of the Lair of Beasts
 11025 | Lair:1   | Reached skill level 10 in Air Magic
 11402 | Lair:1   | Reached skill level 10 in Conjurations
 11472 | Lair:1   | Found a runed translucent gate.
 11473 | Lair:1   | Found a runed translucent gate.
 11473 | Lair:1   | Found a runed translucent gate.
 11535 | Lair:1   | Reached ***** piety under Vehumet
 11675 | Lair:1   | Offered knowledge of Starburst by Vehumet.
 11743 | Lair:1   | Reached XP level 13. HP: 56/74 MP: 18/18
 11880 | Lair:1   | Noticed decrepitude's ghost (journeyman GnRe)
 11880 | Lair:1   | Noticed decrepitude's ghost (journeyman GrEE)
 12212 | Lair:2   | Found a staircase to the Shoals.
 12234 | Lair:2   | Noticed Nergalle
 12252 | Lair:2   | Killed Nergalle
 12788 | Lair:2   | Learned a level 5 spell: Arcjolt
 12950 | Lair:2   | Reached skill level 5 in Spellcasting
 13804 | Lair:3   | Offered knowledge of Fireball by Vehumet.
 13953 | Lair:3   | Found a staircase to the Snake Pit.
 14318 | Lair:4   | Found a staircase to the Slime Pits.
 14319 | Lair:4   | Found a viscous altar of Jiyva.
 14888 | Lair:5   | Entered Level 5 of the Lair of Beasts
 14945 | Lair:5   | Reached XP level 14. HP: 80/80 MP: 27/27
 14971 | Lair:5   | Noticed a dire elephant
 14971 | Lair:5   | Noticed a dire elephant
 15186 | Lair:5   | Reached skill level 10 in Armour
 15455 | Lair:5   | Noticed Urug
 15467 | Lair:5   | Killed Urug
 17357 | D:12     | Offered knowledge of Plasma Beam by Vehumet.
 17375 | D:12     | Learned a level 6 spell: Plasma Beam
 17432 | D:12     | Reached skill level 1 in Fire Magic
 18243 | D:13     | Reached skill level 5 in Fire Magic
 18282 | D:13     | Reached XP level 15. HP: 36/84 MP: 5/28
 18798 | D:13     | Found a gate to the Vaults.
 19505 | D:14     | Found a sparkling altar of Nemelex Xobeh.
 19728 | D:14     | Found a hide-covered altar of Uskayaw.
 20041 | Orc:1    | Entered Level 1 of the Orcish Mines
 20828 | Orc:2    | Entered Level 2 of the Orcish Mines
 21130 | Orc:2    | Found a staircase to the Elven Halls.
 21303 | Orc:2    | Reached skill level 10 in Spellcasting
 21325 | Orc:2    | Offered knowledge of Lee's Rapid Deconstruction by Vehumet.
 21379 | Orc:2    | Noticed an orc warlord
 21398 | Orc:2    | Killed an orc warlord
 21642 | Orc:2    | Found Ynaockat's Antique Armour Emporium.
 21653 | Orc:2    | Found Oroe's Book Emporium.
 21686 | Orc:2    | Found Yssuhal's General Store.
 21766 | Orc:2    | Found Aloadd's Antique Weapon Emporium.
 22037 | D:11     | Found a stormy altar of Qazlal.
 22083 | D:11     | Killed from afar by an ice dragon

Illustrated notes

Levels and vault maps discovered:
D:1:      ebering_trefoil_twist, layout_rooms, serial_shops, shop
D:2:      cheibrodos_helix_gallery, layout_basic
D:3:      layout_basic, mainiacjoe_overflow_cross_hatched, nicolae_hexahallways,
          roderic_nine_men_s_morris
D:4:      layout_basic, serial_shops, shop, chequers_serial_rivers_micro_a,
          minmay_ruined_shrine
D:5:      layout_basic
D:6:      layout_cave_pods, temple_green, serial_park, serial_park_avenue1,
          serial_park_tiny_2, serial_park_tiny_2, serial_park_fountain,
          serial_park_tiny_2
D:7:      layout_rooms, mainiacjoe_overflow_two_lobes, bloody_trog,
          amethyst_overflow_temple_binary, grunt_livestock,
          chequers_guarded_unrand_ignorance
D:8:      lemuel_castle_with_subvaults [lemuel_castle_interior_carwin_1],
          layout_loops_ring, minmay_misc_feat_more_columns,
          hangedman_decor_points, nicolae_alphabet_shops, lemuel_flame_loot_1,
          uniq_jeremiah
D:9:      layout_irregular_city, minmay_misc_feat_enclosed, uniq_harold,
          uniq_erica
D:10:     layout_loops_ring, lair_entry_dummy, zombieorc2_lemuel
D:11:     minmay_diamond_stairs, layout_long_grid, gammafunk_ghost_hydra_chop,
          serial_shops, nicolae_shop_statue_plus, grunt_qazlal_clouds,
          uniq_snorg
D:12:     layout_roguey, grunt_ministairs_3
D:13:     layout_irregular_city, ximxim_vaults_locker_room,
          gauntlet_entry_generic
D:14:     layout_loops_ring, nemelex_spade_bored_becter, dancing_weapons_uskayaw
Temple:   eino_temple_rhombus
Lair:1:   lemuel_reptile_caves, layout_regular_city, gammafunk_ghost_cemetery,
          grunt_megastairs_3
Lair:2:   layout_gridlike, minmay_shoals_entry_centaurs, uniq_nergalle
Lair:3:   layout_loops_ring, alex1729_snake_entry_snake
Lair:4:   layout_regular_city, nicolae_slime_entry_slimehenge,
          lemuel_fruit_fields, grunt_megastairs_1
Lair:5:   due_jungle_book, layout_regular_city, portal_ice_cave_entry_pillars_2,
          ldierk_geyser, grunt_megastairs_5, uniq_urug
Orc:1:    layout_diamond_mine, hellmonk_guarded_unrand_dark_maul
Orc:2:    grunt_orc_cross, layout_caves

Skill      XL: |  1  2  3  4  5  6  7  8  9 10 11 12 13 14 15 |
---------------+----------------------------------------------+-----
Air Magic      | 5 6 7 12 14 | 14.0
Spellcasting   | 3 8 10 | 10.9
Ranged Weapons | 3 6 8 11 13 15 | 15.0
Armour         | 7 8 13 | 13.6
Dodging        | 5 7 |  7.3
Fighting       | 6 |  6.1
Conjurations   | 4 10 | 10.0
Fire Magic     | 5 8 |  8.1
Stealth        | |  2.0

Action                     |  1- 3 |  4- 6 |  7- 9 | 10-12 | 13-15 || total
---------------------------+-------+-------+-------+-------+-------++-------
  Melee: Unarmed           |     3 |       |       |       |       ||     3
         Kick              |     1 |       |       |       |       ||     1
         Peck              |     1 |       |       |       |       ||     1
   Fire: Orcbow            |       |    68 |   225 |   747 |  1059 ||  2099
  Throw: Dart              |     3 |       |       |       |       ||     3
   Cast: Shock             |    78 |    59 |       |       |       ||   137
         Airstrike         |       |       |       |     2 |    11 ||    13
         Arcjolt           |       |       |       |       |   117 ||   117
         Plasma Beam       |       |       |       |       |    22 ||    22
         Freezing Cloud    |       |       |       |       |     8 ||     8
  Evoke: Wand              |       |       |       |     1 |     6 ||     7
    Use: Potion            |       |       |       |     1 |     6 ||     7
 Armour: Robe              |     7 |    32 |    41 |     4 |       ||    84
         Acid dragon scale |       |       |       |    68 |   298 ||   366
  Dodge: Dodged            |    12 |    33 |    53 |   134 |   389 ||   621

Table legend: (Time is in decaauts)
 A = Elapsed time spent in this place.
 B = Non-inter-level travel time spent in this place.
 C = Inter-level travel time spent in this place.
 D = Time resting spent in this place.
 E = Time spent auto-exploring this place.
 F = Levels seen in this place.
 G = Mean time per level.
                   A        B        C        D        E       F      G
               +--------+--------+--------+--------+--------+-----+--------+
         Total |  21764 |  20751 |   1013 |    753 |  16221 |  22 |  989.3 |
       Dungeon |  13944 |  13373 |    571 |    158 |  10916 |  14 |  996.0 |
        Temple |      1 |      0 |      1 |      0 |      0 |   1 |    1.0 |
          Lair |   5880 |   5543 |    337 |    493 |   3944 |   5 | 1176.0 |
  Orcish Mines |   1937 |   1834 |    103 |    102 |   1361 |   2 |  968.5 |
               +--------+--------+--------+--------+--------+-----+--------+

Top non-repeatable levels by time:
  Lair:5: 2027 daAuts
     D:8: 1246 daAuts
    D:13: 1205 daAuts
     D:4: 1187 daAuts
     D:1: 1142 daAuts
  Lair:1: 1124 daAuts
     D:3: 1106 daAuts
   Orc:2: 1100 daAuts
    D:11: 1098 daAuts
     D:2: 1009 daAuts
     D:5: 976 daAuts
     D:7: 959 daAuts
  Lair:2: 952 daAuts
  Lair:3: 951 daAuts
    D:12: 931 daAuts
